 Dungeon Crawl Stone Soup version 0.32-a0-473-gd044c6f0f0 (webtiles) character file.

Game seed: 6542405099375162837

634 runemasterragnar the Slasher (level 7, -8/54 HPs)
             Began as a Coglin Gladiator on Feb 26, 2024.
             Was an Initiate of Yredelemnul.
             Mangled by a gargoyle
             ... wielding a +0 mace
              (15 damage)
             ... on level 5 of the Dungeon.
             The game lasted 00:05:33 (2806 turns).

runemasterragnar the Slasher (Coglin Gladiator)     Turns: 2806, Time: 00:05:33

Health: -8/54      AC:  5    Str: 16    XL:     7   Next: 49%
Magic:  7/7        EV: 12    Int:  8    God:    Yredelemnul [......]
Gold:   95         SH:  0    Dex: 15    Spells: 6/6 levels left

rFire   . . .        a - +0 long sword {Numeria}
rCold   . . .        h - +2 war axe (vamp) {Waldo}
rNeg    . . .        b - +0 leather armour
rPois   .            c - +0 helmet
rElec   .            l - +0 cloak
rCorr   .            (no gloves)
SInv    .            (no boots)
Will    .....        (no amulet)
Stlth   +            (ring unavailable)
HPRegen 0.29/turn    (ring unavailable)
MPRegen 0.10/turn

%: no passive effects
@: mighty, wreathed by umbra, revved
A: off-hand wielding, slow wielding, warmup strikes, no rings
a: Renounce Religion, Light the Black Torch, Recall Undead Harvest


You were on level 5 of the Dungeon.
You worshipped Yredelemnul.
Yredelemnul was noncommittal.
You visited 1 branch of the dungeon, and saw 5 of its levels.
You also visited: Sewer.

You collected 95 gold pieces.

Inventory:

Hand Weapons
 a - a +0 long sword (weapon) {Numeria}
 h - a +2 vampiric war axe (offhand) {Waldo}
Missiles
 d - 3 throwing nets (quivered)
 e - a javelin
 k - 2 boomerangs
Armour
 b - a +0 leather armour (worn)
 c - a +0 helmet (worn)
 l - a +0 cloak (worn)
 x - a +0 helmet
Jewellery
 n - an amulet of reflection
 u - an amulet of guardian spirit
Wands
 j - a wand of polymorph (14)
 p - a wand of flame (13)
 q - a wand of light (12)
Scrolls
 g - a scroll of enchant weapon
 o - 2 scrolls of fog
 r - 2 scrolls of teleportation
 s - a scroll of identify
 t - a scroll of enchant armour
 v - 2 scrolls of noise
Potions
 i - a potion of attraction
 m - 2 potions of brilliance
 w - a potion of cancellation {unknown}


   Skills:
 + Level 4.1 Fighting
 * Level 6.0 Long Blades
 * Level 4.3 Axes
 - Level 1.7 Throwing
 - Level 2.6 Dodging


You had 6 spell levels left.
You didn't know any spells.
Your spell library contained the following spells:

 Spells                   Type           Power      Damage    Failure   Level
 Ensorcelled Hibernation  Hex/Ice        0%         N/A       63%         2
 Lesser Beckoning         Tloc           0%         N/A       63%         2
 Fugue of the Fallen      Necr           0%         N/A       85%         3
 Gell's Gravitas          Tloc           0%         N/A       85%         3
 Teleport Other           Tloc           0%         N/A       85%         3
 Anguish                  Hex/Necr       0%         N/A       99%         4
 Summon Forest            Summ/Tloc      0%         N/A       100%        5
 Summon Mana Viper        Hex/Summ       0%         N/A       100%        5
 Summon Cactus Giant      Summ           0%         N/A       100%        6


Dungeon Overview and Level Annotations

Branches:
Dungeon (5/15)             Temple (0/1) D:4           Sewer (visited)

Altars:
Yredelemnul

Shops:
D:3 :


Innate Abilities, Weirdness & Mutations

You can wield a second weapon in your off-hand.
It takes a long time for you to wield or remove held weapons.
Your first few attacks do less damage.
Your grasper-arms cannot wear rings.


Message History

The gargoyle hurls a stone arrow at you.
The stone arrow hits you!!
Your orc zombie hits the sleepcap but does no damage.
Something hits you but does no damage.
The sleepcap releases spores at your orc zombie!
Your orc zombie is destroyed!
Your Long Blades skill increases to level 6!
Unknown command.
You barely miss the gargoyle with your +2 vampiric war axe.
You hit something with your +2 vampiric war axe.
You barely miss the gargoyle with your +0 long sword.
The gargoyle hurls a stone arrow at you.
The stone arrow hits you!
* * * LOW HITPOINT WARNING * * *
You hear some strange, mumbled words.
A magic dart appears from out of thin air!
The magic dart hits you.
* * * LOW HITPOINT WARNING * * *
Unknown command.
Unknown command.
Unknown command.
Unknown command.
Okay, then.
You slash the gargoyle with your +0 long sword!
The gargoyle is heavily damaged.
You barely miss the gargoyle with your +2 vampiric war axe.
You hit something with your +2 vampiric war axe.
A soul becomes fuel for the torch.
Reactivating autopickup.
You feel a bit more experienced.
You hit the sleepcap with your +2 vampiric war axe.
You feel better.
The dead are walking!
Your black bear zombie bites the sleepcap.
Your black bear zombie claws the sleepcap.
Your black bear zombie claws the sleepcap but does no damage.
A black bear comes into view.
The sleepcap releases spores at your black bear zombie!
The gargoyle hits you with a +0 mace!
You die...
Your body rises from the dead as a mindless zombie.

.. ... . #.# ###.### .
....#.....#.# .#.
..#.?.$.#.# o9.⌠⌠
....:.... #..h #Z(.$.#
.. $... #..)).# #.#
###.#####@###?..
...#..ß..#.9.f.....h
#.#.....#Z##Z......
#..ß.ß.ß....######.
.#.....#.#.#####
#..ß..#.......#
#.###.###.......#
#......................
######................##


You could see a black bear, a gargoyle (ally target), a sleepcap (distracted,
ally target), a friendly black bear zombie, a friendly orc zombie and a friendly
orc wizard zombie.

Vanquished Creatures
  Edmund (D:4)
  A black bear (D:5)
  A hound (D:5)
  A jelly (D:5)
  An orc priest (D:5)
  A hell rat (Sewer)
  2 iguanas (D:5)
  2 orc wizards
  Natasha (D:2)
  5 adders
  4 gnolls (D:2)
  2 river rats (Sewer)
  6 dart slugs (D:1)
  3 ribbon worms
  8 orcs
  6 endoplasms
  2 giant cockroaches
  5 goblins
  3 hobgoblins
  2 jackals (D:2)
  3 quokkas
  9 ball pythons
  8 bats
  3 frilled lizards
  6 kobolds
  4 rats
90 creatures vanquished.

Vanquished Creatures (collateral kills)
  A kobold (D:4)
  A rat (Sewer)
2 creatures vanquished.

Vanquished Creatures (others)
  A hound zombie (D:5)
  An iguana zombie (D:5)
  A ball python zombie (D:4)
  A giant cockroach zombie (D:4)
  2 jackal zombies (D:2)
  3 orc zombies
9 creatures vanquished.

Grand Total: 101 creatures vanquished

Notes
Turn   | Place    | Note
-------+----------+-------------------------------------------
     0 | D:1      | runemasterragnar the Coglin Gladiator began the quest for
                  | the Orb.
     0 | D:1      | Reached XP level 1. HP: 16/16 MP: 1/1
    89 | D:1      | Reached XP level 2. HP: 20/22 MP: 2/2
   378 | D:1      | Reached XP level 3. HP: 28/28 MP: 3/3
   565 | D:1      | Reached skill level 4 in Long Blades
   604 | D:2      | Found a basalt altar of Yredelemnul.
   640 | D:2      | Reached skill level 1 in Axes
   640 | D:2      | Reached XP level 4. HP: 30/34 MP: 4/4
   663 | D:2      | Became a worshipper of Yredelemnul the Fallen
   911 | D:2      | Reached XP level 5. HP: 41/41 MP: 5/5
  1106 | D:2      | Noticed Natasha
  1114 | D:2      | Killed Natasha
  1415 | D:3      | Found a glowing drain.
  1420 | Sewer    | Entered a sewer
  1547 | D:3      | Found Ykoox's Book Shoppe.
  1882 | D:4      | Found a staircase to the Ecumenical Temple.
  1890 | D:4      | Reached XP level 6. HP: 47/47 MP: 6/6
  1903 | D:4      | Reached skill level 5 in Long Blades
  1927 | D:4      | Noticed Edmund
  1947 | D:4      | Killed Edmund
  2532 | D:5      | Entered Level 5 of the Dungeon
  2553 | D:5      | Reached XP level 7. HP: 25/53 MP: 7/7
  2790 | D:5      | Noticed a gargoyle
  2805 | D:5      | Reached skill level 6 in Long Blades
  2805 | D:5      | HP: 2/54 [something/magic dart (6)]
  2806 | D:5      | Mangled by a gargoyle

Illustrated notes

Levels and vault maps discovered:
D:1:      wander_arrival_fairy_ring, layout_rooms
D:2:      layout_loops_ring, basic_altar, uniq_natasha
D:3:      layout_rooms, portal_sewer_entry_e, serial_shops,
          nicolae_shop_behind_doors
D:4:      layout_gridville, minmay_temple_entry_stoned_glass,
          minmay_misc_feat_more_columns, uniq_edmund
D:5:      layout_basic, gammafunk_temple_overflow_statue, gammafunk_ghost_split,
          minmay_chambers_of_fives

Skill      XL: |  1  2  3  4  5  6  7 |
---------------+----------------------+-----
Long Blades    | 4 5 6 |  6.0
Axes           | 1 2 3 4 |  4.3
Fighting       | 3 4 |  4.1
Throwing       | |  1.7
Dodging        | |  2.6

Action                     |  1- 3 |  4- 6 |  7- 9 || total
---------------------------+-------+-------+-------++-------
  Melee: Long sword        |    71 |    93 |    17 ||   181
         War axe           |    14 |    98 |    18 ||   130
 Invoke: Light the Black T |       |     4 |       ||     4
    Use: Scroll            |       |     9 |       ||     9
         Potion            |       |     7 |     1 ||     8
   Stab: Sleeping          |     2 |     1 |       ||     3
 Armour: Leather armour    |    62 |    72 |    22 ||   156
  Dodge: Dodged            |    60 |    73 |    13 ||   146

Table legend: (Time is in decaauts)
 A = Elapsed time spent in this place.
 B = Non-inter-level travel time spent in this place.
 C = Inter-level travel time spent in this place.
 D = Time resting spent in this place.
 E = Time spent auto-exploring this place.
 F = Levels seen in this place.
 G = Mean time per level.
                   A        B        C        D        E       F      G
               +--------+--------+--------+--------+--------+-----+--------+
         Total |   2869 |   2795 |     74 |      3 |   2102 |   6 |  478.2 |
       Dungeon |   2757 |   2683 |     74 |      3 |   2035 |   5 |  551.4 |
         Sewer |    112 |    112 |      0 |      0 |     67 |   1 |  112.0 |
               +--------+--------+--------+--------+--------+-----+--------+

Top non-repeatable levels by time:
     D:2: 704 daAuts
     D:4: 671 daAuts
     D:1: 617 daAuts
     D:3: 485 daAuts
     D:5: 278 daAuts
   Sewer: 112 daAuts
